 Dungeon Crawl Stone Soup version 0.25-a0-566-g062765be81 (webtiles) character file.

Game seed: 18232626698078660635, levelgen mode: deterministic

75 kae the Vexing (level 4, -2/19 HPs)
             Began as a Felid Enchanter on Feb 27, 2020.
             Slain by an ogre
             ... wielding a +0 giant club
              (21 damage)
             ... on level 3 of the Dungeon.
             The game lasted 00:03:49 (3210 turns).

kae the Vexing (Felid Enchanter)                    Turns: 3210, Time: 00:03:50

Health: -2/19      AC:  1    Str:  5    XL:     4   Next: 11%
Magic:  1/8        EV: 18    Int: 16    God:
Gold:   123        SH:  0    Dex: 16    Spells: 2/8 levels left
                                        Lives:  0   Deaths: 1

rFire    . . .     SeeInvis +     - Unarmed
rCold    . . .     Gourm    .   (shield unavailable)
rNeg     . . .     Faith    .   (armour unavailable)
rPois    .         Spirit   .   (helmet unavailable)
rElec    .         Reflect  .   (cloak unavailable)
rCorr    .         Harm     .   (gloves unavailable)
MR       .....                  (boots unavailable)
Stlth    +++.......             (no amulet)
HPRegen  0.06/turn              (no ring)
MPRegen  0.11/turn              (no ring)

@: quick
A: very small, no armour, no weapons or thrown items, stealth, claws 1, fangs 3,
see invisible, carnivore, speed 1, shaggy fur 1, slow metabolism 1, sharp paws
a: no special abilities


You were on level 3 of the Dungeon.
You were very full.

You visited 1 branch of the dungeon, and saw 3 of its levels.

You collected 123 gold pieces.

Inventory:

Jewellery
 f - an uncursed ring of fire {unknown}
 j - an uncursed amulet of regeneration {unknown}
Scrolls
 a - 2 scrolls of teleportation {unknown}
 c - a scroll of fear {unknown}
 d - 4 scrolls of identify {unknown}
 h - a scroll of enchant armour {unknown}
Potions
 e - 3 potions of heal wounds
 g - 2 potions of curing {unknown}
 i - a potion of flight {unknown}
Comestibles
 b - 5 rations


   Skills:
 + Level 1.3 Fighting
 - Level 2.6 Dodging
 + Level 4.8 Stealth
 * Level 2.9 Unarmed Combat
 + Level 2.6 Spellcasting
 + Level 5.0 Hexes


You had 2 spell levels left.
You knew the following spells:

 Your Spells              Type           Power        Failure   Level  Hunger
a - Corona                Hex            ###....      2%          1    #......
b - Ensorcelled Hibernat  Hex/Ice        ##....       11%         2    ##.....
c - Confusing Touch       Hex            ###.....     8%          3    ###....

Your spell library contained the following spells:

 Spells                   Type           Power        Failure   Level  Hunger
 Tukima's Dance           Hex            ###.....     8%          3    ###....
 Dazzling Flash           Conj/Hex       ##....       21%         3    ###....


Dungeon Overview and Level Annotations

Branches:
Dungeon (3/15)

Altars:
Sif Muna


Innate Abilities, Weirdness & Mutations

You cannot wear armour.
You are incapable of wielding weapons or throwing items.
Your paws allow you to move quietly. (Stealth)
You have sharp claws.
You have razor-sharp teeth.
You have supernaturally acute eyesight. (SInv)
You are carnivorous and can eat meat at any time.
You cover ground quickly.
You are covered in fur. (AC +1)
You have a slow metabolism.
Your sharp claws are effective at attacking unaware monsters.


Message History

Aim: an ogre, wielding a +0 giant club (chance to defeat MR: 41%)
The ogre resists with some effort.
The ogre closely misses you.
Casting: Ensorcelled Hibernation (safe; 11% risk of failure)
Confirm with . or Enter, or press ? or * to list all spells.
Aiming: Ensorcelled Hibernation (safe; 11% risk of failure)
Press: ? - help, Shift-Dir - straight line, f/p - ogre
Aim: an ogre, wielding a +0 giant club (chance to defeat MR: 41%)
The ogre resists with some effort.
The ogre barely misses you.
Casting: Ensorcelled Hibernation (safe; 11% risk of failure)
Confirm with . or Enter, or press ? or * to list all spells.
Aiming: Ensorcelled Hibernation (safe; 11% risk of failure)
Press: ? - help, Shift-Dir - straight line, f/p - ogre
Aim: an ogre, wielding a +0 giant club (chance to defeat MR: 41%)
The ogre looks drowsy...
The helpless ogre fails to defend itself.
You mangle the ogre!!
The ogre is severely wounded.
The ogre hits you with a +0 giant club!!
Ouch! That really hurt!
You die...

########### #..........
#.######### #.#
##########.#
####..........#########
#....O@.......#........
#..#.#................#
.....#.#†#####.##.#####.#
......##............# #.#
.###.###.........#### #.#
#. #....#####.# #.# #
#.#.## #.# #<# #.#.# #.#
#.#.# #)#


You could see an ogre.

Vanquished Creatures
  5 adders
  A worm (D:2)
  A dart slug (D:1)
  A leopard gecko (D:1)
  4 giant cockroaches
  13 goblins
  8 hobgoblins
  3 jackals (D:1)
  6 kobolds
  2 quokkas
  8 bats
  4 frilled lizards
  A leopard gecko skeleton (D:2)
  10 rats
67 creatures vanquished.

Notes
Turn   | Place    | Note
-------+----------+-------------------------------------------
     0 | D:1      | kae the Felid Enchanter began the quest for the Orb.
     0 | D:1      | Reached XP level 1. HP: 7/7 MP: 4/4
   386 | D:1      | Reached XP level 2. HP: 11/11 MP: 4/6
   395 | D:1      | Learned a level 2 spell: Ensorcelled Hibernation
  1092 | D:1      | Reached XP level 3. HP: 9/14 MP: 7/7
  2264 | D:2      | Reached skill level 1 in Fighting
  2264 | D:2      | Reached XP level 4. HP: 19/19 MP: 1/8
  2333 | D:2      | Slain by a quokka
  2334 | D:2      | Reached XP level 3. HP: -1/15 MP: 3/7
  2757 | D:2      | Found a shimmering blue altar of Sif Muna.
  2856 | D:2      | Learned a level 3 spell: Confusing Touch
  2963 | D:3      | Reached skill level 5 in Hexes
  3190 | D:3      | Reached XP level 4. HP: 19/19 MP: 5/8
  3199 | D:3      | Noticed an ogre
  3210 | D:3      | Slain by an ogre

Levels and vault maps discovered:
D:1:      kilobyte_arrival_exit_the_forest, layout_basic
D:2:      minmay_chambers_of_ones, layout_rooms, led_sif_pool
D:3:      layout_loops_ring, first_ration

Skill      XL: |  1  2  3 |
---------------+----------+-----
Unarmed Combat | 2 |  2.9
Fighting       | 1 |  1.3
Hexes          | 5 |  5.0
Dodging        | |  2.6
Stealth        | |  4.8
Spellcasting   | |  2.6

Action                   |  1- 3 |  4- 6 || total
-------------------------+-------+-------++-------
Melee: Unarmed           |   208 |    23 ||   231
       Bite              |    14 |     2 ||    16
 Cast: Corona            |     6 |       ||     6
       Ensorcelled Hiber |     9 |     5 ||    14
  Use: Potion            |     3 |       ||     3
 Stab: Sleeping          |    20 |     1 ||    21
  Eat: Chunk             |    16 |       ||    16
Armor: Skin              |    13 |     1 ||    14
Dodge: Dodged            |   161 |    19 ||   180

Table legend:
 A = Non-vault XP
 B = Vault XP
 C = Vault XP percentage of total XP
 D = Non-vault monster count
 E = Vault monster count
 F = Vault count percentage of total count
                 A         B        C        D         E       F
            +---------+---------+-------+---------+---------+-------
      Total |     162 |      10 |   5.8 |      63 |       4 |   6.0
            +---------+---------+-------+---------+---------+-------
        D:1 |      52 |       0 |   0.0 |      29 |       0 |   0.0
        D:2 |      73 |      10 |  12.0 |      25 |       4 |  13.8
        D:3 |      37 |       0 |   0.0 |       9 |       0 |   0.0
            +---------+---------+-------+---------+---------+-------
